 Dungeon Crawl Stone Soup version 0.29.1-15-g9cfb28693d (webtiles) character file.

Game seed: 12486253596058693035

33 hawla the Chiller (level 3, -2/26 HPs)
             Began as a Meteoran Ice Elementalist on Apr 23, 2023.
             Slain by an adder (3 damage)
             ... on level 5 of the Dungeon.
             The game lasted 00:01:00 (204 turns).

hawla the Chiller (Meteoran Ice Elementalist)        Turns: 204, Time: 00:01:01

Health: -2/26      AC:  2    Str:  9    XL:     3   Next: 70%
Magic:  0/8        EV: 12    Int: 19    God:
Gold:   11         SH:  0    Dex: 14    Spells: 7/8 levels left

rFire   . . .      SeeInvis .   (no weapon)
rCold   . . .      Faith    .   (no shield)
rNeg    . . .      Spirit   .   a - +0 robe
rPois   .          Reflect  .   (no helmet)
rElec   .          Harm     .   (no cloak)
rCorr   .          Rampage  .   (no gloves)
Will    .....                   (no boots)
Stlth   +.........              (no amulet)
HPRegen 0.08/turn               (no ring)
MPRegen 0.11/turn               (no ring)

@: glowing
A: sense surroundings 1, otherworldly, glowing, explore regen
a: no special abilities


You were on level 5 of the Dungeon.
You visited 1 branch of the dungeon, and saw 5 of its levels.

You collected 11 gold pieces.

Inventory:

Armour
 a - a +0 robe (worn)
Jewellery
 c - a ring of poison resistance
Potions
 b - a potion of magic
 e - a potion of attraction {unknown}


   Skills:
 + Level 2.4 Dodging
 - Level 1.4 Stealth
 + Level 3.2 Spellcasting
 + Level 5.3 Ice Magic


You had 7 spell levels left.
You knew the following spells:

 Your Spells              Type           Power      Damage    Failure   Level
a - Freeze                Ice            92%        1d10      1%          1

Your spell library contained the following spells:

 Spells                   Type           Power      Damage    Failure   Level
 Frozen Ramparts          Ice            46%        1d7       4%          3
 Ozocubu's Armour         Ice            23%        N/A       4%          3
 Hailstorm                Conj/Ice       13%        3d5       45%         4


Dungeon Overview and Level Annotations

Branches:
Dungeon (5/15) Zot: 2796
 Temple: D:4-7

Altars:
Hepliaklqana


Innate Abilities, Weirdness & Mutations

You passively map a small area around you.
You are easily found by Zot.
You glow in the dark.
You regain HP and MP as you explore.


Message History

Casting: Freeze (safe; 2% risk of failure)
Confirm with . or Enter, or press ? or * to list all spells.
Aiming: Freeze (safe; 2% risk of failure)
Press: ? - help, Shift-Dir - straight line, f/p - iguana
Aim: an iguana (almost dead, slow)
You freeze the iguana.
You kill the iguana!
The adder barely misses you. The adder misses you.
Your Spellcasting skill increases to level 3!
Your Ice Magic skill increases to level 5!
You have reached level 3!
Your experience leads to an increase in your attributes!
Increase (S)trength, (I)ntelligence, or (D)exterity?
You feel clever. x3
Casting: Freeze (safe; 1% risk of failure)
Confirm with . or Enter, or press ? or * to list all spells.
Aiming: Freeze (safe; 1% risk of failure)
Press: ? - help, Shift-Dir - straight line, f - adder
Aim: an adder You freeze the adder.
The adder is moderately wounded.
The adder bites you but does no damage.
Unknown command.
Casting: Freeze (safe; 1% risk of failure)
Confirm with . or Enter, or press ? or * to list all spells.
Aiming: Freeze (safe; 1% risk of failure)
Press: ? - help, Shift-Dir - straight line, f/p - adder
Aim: an adder (moderately wounded)
You freeze the adder.
The adder is severely wounded.
The adder bites you but does no damage.
Unknown command.
The adder bites you.
* * * LOW HITPOINT WARNING * * *
Your magical contamination has completely faded away.
The adder attacks as you move away! The adder bites you.
* * * LOW HITPOINT WARNING * * *
There is a stone staircase leading up here.
The adder attacks as you move away! The adder bites you.
You die...

,, , , , . ,,
, .. , ,, ,
*#. * * , *
#.. , * ,
##... * * *
...!..#######
* ,
#.†.S@..#* ,
,#>....#.#* ,
* ,#.#####,#
, * , #. , *
, # * * , , *
* ** * ,, ***
* ,


You could see an adder.

Vanquished Creatures
  An iguana (D:5)
  3 ball pythons
  An endoplasm (D:3)
  2 hobgoblins
  A frilled lizard (D:2)
8 creatures vanquished.

Notes
Turn   | Place    | Note
-------+----------+-------------------------------------------
     0 | D:1      | hawla the Meteoran Ice Elementalist began the quest for the
                  | Orb.
     0 | D:1      | Reached XP level 1. HP: 14/14 MP: 5/5
    11 | D:2      | Found a hazy altar of Hepliaklqana.
    78 | D:3      | Reached XP level 2. HP: 18/20 MP: 2/6
   193 | D:5      | Entered Level 5 of the Dungeon
   200 | D:5      | Reached skill level 5 in Ice Magic
   200 | D:5      | Reached XP level 3. HP: 5/26 MP: 2/8
   203 | D:5      | HP: 1/26 [adder (1)]
   204 | D:5      | Slain by an adder

Illustrated notes

Levels and vault maps discovered:
D:1:      nzn_arrival_crosshair, layout_basic, minmay_surrounded
D:2:      layout_basic, ebering_ecumenical_altar_hall, serial_shops,
          nicolae_diamond_shop, basic_altar, minmay_shallow_snake_nest
D:3:      layout_basic
D:4:      layout_basic, nicolae_overflow_hallway_of_the_gods
D:5:      nicolae_cairo_tiling, layout_basic, grunt_ministairs_8, uniq_ijyb,
          uniq_menkaure, uniq_blork_the_orc, uniq_sigmund

Skill      XL: |  1  2 |
---------------+-------+-----
Spellcasting   | 3 |  3.2
Ice Magic      | 5 |  5.3
Dodging        | |  2.4
Stealth        | |  1.4

Action                   || total
-------------------------++-------
Melee: Unarmed           ||     1
 Cast: Freeze            ||    15
  Use: Scroll            ||     1
Armor: Robe              ||     3
Dodge: Dodged            ||    10
